 Dungeon Crawl Stone Soup version 0.30.1-4-g462c640d31 (webtiles) character file.

Game seed: 6239876704496736975

1234 OZM the Chopper (level 8, -1/62 HPs)
             Began as a Human Fighter on Aug 30, 2023.
             Was a Follower of the Shining One.
             Succumbed to Duvessa's poison
             ... on level 6 of the Dungeon.
             The game lasted 00:07:19 (4883 turns).

OZM the Chopper (Human Fighter)                     Turns: 4883, Time: 00:07:19

Health: -1/62      AC:  8    Str: 19    XL:     8   Next: 77%
Magic:  8/8        EV: 10    Int:  9    God:    the Shining One [*.....]
Gold:   343        SH:  5    Dex: 12    Spells: 7/7 levels left

rFire   + . .        a - +0 war axe
rCold   + . .        c - +0 buckler
rNeg    . . .        b - +0 scale mail
rPois   +            g - +0 helmet
rElec   +            (no cloak)
rCorr   +            (no gloves)
SInv    .            (no boots)
Will    .....        (no amulet) Stlth
                     (no ring)
HPRegen 0.30/turn    (no ring)
MPRegen 0.11/turn

%: no passive effects
@: lethally poisoned (-1 -> -14), resistant, glowing
A: no striking features
a: Renounce Religion, Divine Shield


You were on level 6 of the Dungeon.
You worshipped the Shining One.
The Shining One was aware of your devotion.
You visited 2 branches of the dungeon, and saw 7 of its levels.

You collected 343 gold pieces.

Inventory:

Hand Weapons
 a - a +0 war axe (weapon)
Missiles
 l - 5 poisoned darts (quivered)
Armour
 b - a +0 scale mail (worn)
 c - a +0 buckler (worn)
 g - a +0 helmet (worn)
 i - a +1 robe of the Archmagi
Jewellery
 e - a ring of fire
 w - a ring of willpower
Wands
 n - a wand of acid (10)
 x - a wand of flame (31)
 y - a wand of mindburst (20)
Scrolls
 f - 3 scrolls of immolation
 j - 5 scrolls of teleportation
 k - a scroll of fear
 r - 2 scrolls of blinking
 s - a scroll of fog
 v - a scroll of amnesia
 z - a scroll of torment {unknown}
 A - a scroll of identify
Potions
 d - a potion of attraction
 h - a potion of might
 m - a potion of haste
 p - 2 potions of brilliance
 q - a potion of mutation {unknown}
 t - 2 potions of lignification
 u - a potion of flight {unknown}


   Skills:
 + Level 5.0 Fighting
 + Level 7.0 Axes
 + Level 5.6 Armour
 + Level 2.0 Dodging
 + Level 4.1 Shields


You had 7 spell levels left.
You didn't know any spells.
Your spell library contained the following spells:

 Spells                   Type           Power      Damage    Failure   Level
 Shock                    Conj/Air       0%         1d3       80%         1
 Blink                    Tloc           0%         N/A       91%         2
 Lesser Beckoning         Tloc           0%         N/A       91%         2
 Momentum Strike          Conj/Tloc      0%         3d8       91%         2
 Swiftness                Air            0%         N/A       99%         3
 Tukima's Dance           Hex            0%         N/A       99%         3
 Airstrike                Air            0%         2d(0-16)  100%        4
 Manifold Assault         Tloc           0%         N/A       100%        4
 Passage of Golubria      Tloc           0%         N/A       100%        4
 Summon Forest            Summ/Tloc      0%         N/A       100%        5
 Yara's Violent Unravell  Hex/Tmut       0%         3d3       100%        5
 Dispersal                Tloc           0%         N/A       100%        6
 Eringya's Noxious Bog    Tmut/Pois      0%         N/A       100%        6
 Summon Hydra             Summ           0%         N/A       100%        7
 Disjunction              Tloc           0%         N/A       100%        8


Dungeon Overview and Level Annotations

Branches:
Dungeon (6/15)             Temple (1/1) D:4

Altars:
Elyvilon
Fedhas
Hepliaklqana
Kikubaaqudgha
Makhleb
Nemelex Xobeh
Okawaru
Trog
Xom
Zin
The Shining One

Annotations:
D:6 Dowan


Message History

Dowan casts a spell at you. The puff of flame hits you!
Duvessa barely misses you.
Dowan mumbles some strange words.
Dowan blinks!
You hit Duvessa.
Duvessa is severely wounded.
You hit Dowan.
You feel very sick.
Duvessa says, "When magic and the sword combine, nothing stands against them."
Duvessa hits you with a +2 rapier of venom.
* * * LOW HITPOINT WARNING * * *
You are lethally poisoned!
You block Dowan's attack.
Duvessa says, "When magic and the sword combine, nothing stands against them."
Duvessa closely misses you.
You slash Duvessa!
You kill Duvessa!
Dowan screams, "No!
Oh no!"
Dowan seems to find hidden reserves of power!
You closely miss Dowan.
* * * LOW HITPOINT WARNING * * *
You feel very sick.
Dowan says, "How can I live without her?"
Dowan points at you and mumbles some strange words.
The stone arrow hits you.
* * * LOW HITPOINT WARNING * * *
Your Fighting skill increases to level 5!
Your Axes skill increases to level 7!
You feel protected.
* * * LOW HITPOINT WARNING * * *
You feel very sick.
Dowan gestures wildly while chanting.
Dowan blinks!
Okay, then.
Okay, then.
The Shining One protects you from harm! Dowan casts a spell at you.
The shard of ice hits you. You partially resist.
* * * LOW HITPOINT WARNING * * *
You die...

######### #........
#######........
#....##........
########....##.....)..
..#...........##........
.......ยง................
......)@......######....
.......e........#.......
..............#.#.######
..............#.#.<...#
...#####.#.####.#.###.##
... ###.#.####.#.......
.. ...................
###....####.######..
......# #.#.......


You could see Dowan (fast).

Vanquished Creatures
  A water moccasin (D:4)
  Duvessa (D:6)
  2 ice beasts (D:5)
  2 phantoms
  2 scorpions
  A quasit (D:6)
  5 hounds
  A sleepcap (D:5)
  4 iguanas
  An orc wizard (D:3)
  4 gnolls
  5 adders
  2 shadow imps (D:6)
  3 white imps (D:6)
  2 ufetubi
  2 worms
  4 dart slugs
  17 orcs
  5 endoplasms
  4 giant cockroaches
  8 goblins
  7 hobgoblins
  11 jackals
  2 quokkas (D:1)
  8 ball pythons
  3 bats
  3 frilled lizards
  8 kobolds
  3 rats (D:1)
121 creatures vanquished.

Notes
Turn   | Place    | Note
-------+----------+-------------------------------------------
     0 | D:1      | OZM the Human Fighter began the quest for the Orb.
     0 | D:1      | Reached XP level 1. HP: 18/18 MP: 1/1
    40 | D:1      | Reached XP level 2. HP: 18/24 MP: 2/2
   273 | D:1      | Reached XP level 3. HP: 27/29 MP: 3/3
   884 | D:2      | Reached XP level 4. HP: 35/35 MP: 4/4
  1179 | D:2      | Reached skill level 3 in Axes
  1546 | D:3      | Found a faded altar of an unknown god.
  1977 | D:3      | Reached XP level 5. HP: 39/41 MP: 5/5
  2511 | D:4      | Noticed a phantom
  2524 | D:4      | Noticed a water moccasin
  2543 | D:4      | Killed a phantom
  2544 | D:4      | Reached skill level 4 in Axes
  2544 | D:4      | Reached skill level 1 in Dodging
  2544 | D:4      | Reached XP level 6. HP: 18/48 MP: 6/6
  2550 | D:4      | Killed a water moccasin
  2551 | D:4      | Reached skill level 5 in Axes
  2551 | D:4      | Reached XP level 7. HP: 8/54 MP: 7/7
  2793 | D:4      | Found a staircase to the Ecumenical Temple.
  2807 | Temple   | Entered the Ecumenical Temple
  2855 | Temple   | Became a worshipper of the Shining One
  3449 | D:5      | Entered Level 5 of the Dungeon
  3524 | D:5      | Reached skill level 5 in Armour
  3781 | D:5      | Reached XP level 8. HP: 32/61 MP: 8/8
  3896 | D:5      | Reached skill level 6 in Axes
  4544 | D:6      | Reached * piety under the Shining One
  4871 | D:6      | Noticed Duvessa
  4871 | D:6      | Noticed Dowan
  4880 | D:6      | Killed Duvessa
  4881 | D:6      | Reached skill level 5 in Fighting
  4881 | D:6      | Reached skill level 7 in Axes
  4881 | D:6      | HP: 2/62 [poisoned by Duvessa]
  4882 | D:6      | The Shining One protects you from harm!
  4883 | D:6      | Succumbed to Duvessa's poison

Illustrated notes

Levels and vault maps discovered:
D:1:      minmay_arrival_checkered_box, layout_loops_cross, serial_bayou_ford_a,
          amcnicky_mini_rare_corridor_liquid
D:2:      layout_basic, minmay_hexomino_u4
D:3:      minmay_chambers_of_twos, layout_loops_ring,
          shapermc_ecumenical_altar_totnotflames, kennysheep_generic_room_5
D:4:      layout_basic, minmay_temple_entry_offerings
D:5:      layout_rooms, hellmonk_no_cap
D:6:      layout_basic, serial_demonic, serial_demonic_a, serial_demonic_d,
          serial_demonic_e, serial_demonic_a, serial_demonic_f,
          serial_demonic_g, serial_demonic_g, serial_demonic_f,
          serial_demonic_c, serial_demonic_g, kennysheep_decorative_pillar,
          grunt_decor_clamped, uniq_duvessa, uniq_menkaure
Temple:   hellmonk_temple_of_storms

Skill      XL: |  1  2  3  4  5  6  7  8 |
---------------+-------------------------+-----
Axes           | 3 4 5 7 |  7.0
Armour         | 4 5 |  5.6
Dodging        | 1 2 |  2.0
Fighting       | 4 5 |  5.0
Shields        | 4 |  4.1

Action                     |  1- 3 |  4- 6 |  7- 9 || total
---------------------------+-------+-------+-------++-------
  Melee: War axe           |    92 |   151 |   191 ||   434
  Throw: Dart              |       |     1 |       ||     1
    Use: Scroll            |       |    11 |     4 ||    15
         Potion            |       |     6 |     1 ||     7
 Armour: Scale mail        |    47 |    91 |   103 ||   241
  Dodge: Dodged            |    46 |    89 |    91 ||   226
  Block: Buckler           |    12 |    46 |    37 ||    95
